 Dungeon Crawl Stone Soup version 0.29.1-12-g30fa7ad0bf (webtiles) character file.

Game seed: 1414061409685884310

91427 Mercurial the Warrior (level 15, -4/157 HPs)
             Began as a Minotaur Fighter on Dec 11, 2022.
             Was the Champion of the Shining One.
             Slain by a 17-headed hydra (5 damage)
             ... while petrified
             ... on level 5 of the Lair of Beasts on Dec 12, 2022.
             The game lasted 00:53:15 (16064 turns).

Mercurial the Warrior (Minotaur Fighter)           Turns: 16064, Time: 00:53:16

Health: -4/157     AC: 33    Str: 28    XL:     15   Next: 55%
Magic:  14/14      EV:  2    Int:  8    God:    the Shining One [******]
Gold:   1992       SH:  0    Dex: 12    Spells: 14/14 levels left

rFire   . . .      SeeInvis .   Q - +5 broad axe (protect)
rCold   . . .      Faith    .   G - +0 kite shield
rNeg    + + +      Spirit   .   P - +4 plate armour
rPois   ∞          Reflect  .   (helmet restricted)
rElec   .          Harm     .   L - +2 ratskin cloak {*Rats rPois rN+ Str-1 Int-1 Dex+1}
rCorr   .          Rampage  .   (no gloves)
Will    +....                   (no boots)
Stlth   ..........              l - amulet of regeneration
HPRegen 1.16/turn               o - ring of Pobrusue {AC+4 Int+4 Dex+2}
MPRegen 0.14/turn               B - +4 ring of protection

@: petrified, glowing
A: horns 2, retaliatory headbutt
a: Renounce Religion, Divine Shield, Cleansing Flame, Summon Divine Warrior,
Brand Weapon With Holy Wrath


You were on level 5 of the Lair of Beasts.
You worshipped the Shining One.
The Shining One was exalted by your worship.
You visited 5 branches of the dungeon, and saw 21 of its levels.
You also visited: Volcano.

You collected 2321 gold pieces.
You spent 329 gold pieces at shops.

Inventory:

Hand Weapons
 F - a +1 antimagic hand axe
 Q - a +5 broad axe of protection (weapon)
Missiles
 N - 2 throwing nets (quivered)
Armour
 j - a scarf of invisibility
 G - a +0 kite shield (worn)
 L - the +2 ratskin cloak (worn) {*Rats rPois rN+ Str-1 Int-1 Dex+1}
   (You found it on level 9 of the Dungeon)

   When the wearer is hurt, rats may emerge from it to assist them.
   Str:       It affects your strength (-1).
   Int:       It affects your intelligence (-1).
   Dex:       It affects your dexterity (+1).
   rPois:     It protects you from poison.
   rN:        It protects you from negative energy.
 P - a +4 plate armour (worn)
Jewellery
 a - a ring of ice
 l - an amulet of regeneration (around neck)
 m - a ring of see invisible
 o - the ring of Pobrusue (left hand) {AC+4 Int+4 Dex+2}
   (You found it on level 3 of the Dungeon)

   [ring of protection]

   AC:        It affects your AC (+4).
   Int:       It affects your intelligence (+4).
   Dex:       It affects your dexterity (+2).
 p - an amulet of the acrobat
 s - a ring of resist corrosion
 B - a +4 ring of protection (right hand)
 M - the ring of Propriety {Fly Will+}
   (You found it on level 9 of the Dungeon)

   [ring of flight]

   Fly:       It grants you flight.
   Will:      It increases your willpower.
 O - a ring of poison resistance
 R - a +6 ring of intelligence
Wands
 q - a wand of mindburst (18)
 w - a wand of polymorph (4)
 C - a wand of light (3)
 D - a wand of iceblast (19)
 I - a wand of flame (14)
 K - a wand of paralysis (15)
Scrolls
 b - 5 scrolls of identify
 g - 9 scrolls of teleportation
 h - 7 scrolls of fog
 i - 4 scrolls of blinking
 r - 4 scrolls of noise
 u - 4 scrolls of magic mapping
 v - 3 scrolls of poison
 y - 3 scrolls of amnesia
 A - a scroll of torment {unknown}
 J - 5 scrolls of enchant armour
 S - 2 scrolls of silence
 V - a scroll of summoning {unknown}
 W - 2 scrolls of fear {unknown}
 X - a scroll of acquirement
Potions
 c - a potion of invisibility {unknown}
 d - 5 potions of might
 e - 6 potions of lignification {unknown}
 f - 9 potions of curing {unknown}
 k - a potion of degeneration {unknown}
 n - 3 potions of mutation {unknown}
 t - 5 potions of flight {unknown}
 x - 4 potions of brilliance {unknown}
 z - 5 potions of heal wounds {unknown}
 E - 3 potions of berserk rage {unknown}
 H - 5 potions of attraction {unknown}
 T - a potion of haste {unknown}
 U - a potion of cancellation {unknown}


   Skills:
 + Level 20.6 Fighting
 + Level 17.6 Axes
 + Level 17.7 Armour
 - Level 15.0 Shields


You had 14 spell levels left.
You didn't know any spells.
Your spell library contained the following spells:

 Spells                   Type           Power      Damage    Failure   Level
 Apportation              Tloc           0%         N/A       98%         1
 Necrotise                Necr           0%         1d4       98%         1
 Slow                     Hex            0%         N/A       98%         1
 Summon Small Mammal      Summ           0%         N/A       98%         1
 Blink                    Tloc           0%         N/A       99%         2
 Ensorcelled Hibernation  Hex/Ice        0%         N/A       99%         2
 Passwall                 Tmut/Erth      0%         N/A       99%         2
 Confusing Touch          Hex            0%         N/A       100%        3
 Gell's Gravitas          Tloc           0%         N/A       100%        3
 Lesser Beckoning         Tloc           0%         N/A       100%        3
 Stone Arrow              Conj/Erth      0%         3d7       100%        3
 Swiftness                Air            0%         N/A       100%        3
 Teleport Other           Tloc           0%         N/A       100%        3
 Vampiric Draining        Necr           0%         2d6       100%        3
 Animate Armour           Summ/Erth      0%         N/A       100%        4
 Hailstorm                Conj/Ice       0%         3d3       100%        4
 Ice Form                 Ice/Tmut       0%         N/A       100%        4
 Blade Hands              Tmut           0%         N/A       100%        5
 Manifold Assault         Tloc           0%         N/A       100%        5
 Iron Shot                Conj/Erth      0%         9d1       100%        6
 Simulacrum               Ice/Necr       0%         N/A       100%        6
 Storm Form               Tmut/Air       0%         N/A       100%        7
 Lehudib's Crystal Spear  Conj/Erth      0%         10d2      100%        8


Dungeon Overview and Level Annotations

Branches:
Dungeon (12/15)            Temple (1/1) D:4            Lair (5/5) D:10
 Shoals (0/4) Lair:3       Spider (0/4) Lair:2        Slime (0/5) Lair:5
    Orc (2/2) D:12            Elf (1/3) Orc:2       Volcano (visited)

Altars:
Ashenzari
Cheibriados
Dithmenos
Elyvilon
Fedhas
Gozag
Hepliaklqana
Kikubaaqudgha
Makhleb
Nemelex Xobeh
Okawaru
Qazlal
Ru
Sif Muna
Trog
Uskayaw
Vehumet
Wu Jian
Xom
Yredelemnul
Zin
The Shining One
Jiyva

Shops:
D:2 *   D:9 :   Orc:1 [   Orc:2 *?!(

Annotations:
D:3 1 runed translucent door
Lair:5 1 runed translucent door


Innate Abilities, Weirdness & Mutations

You have a pair of horns on your head.
You reflexively headbutt those who attack you in melee.


Message History

The 17-headed hydra bites you.
* * * LOW HITPOINT WARNING * * *
The 17-headed hydra bites you but does no damage. x10
Your river rat bites the 17-headed hydra.
The 17-headed hydra bites you.
* * * LOW HITPOINT WARNING * * *
The 17-headed hydra bites you but does no damage. x5
The 17-headed hydra bites you.
* * * LOW HITPOINT WARNING * * *
The 17-headed hydra bites you but does no damage. x3
The 17-headed hydra bites you!
* * * LOW HITPOINT WARNING * * *
The 17-headed hydra bites you but does no damage. x2
The 17-headed hydra bites you.
* * * LOW HITPOINT WARNING * * *
The 17-headed hydra bites you.
* * * LOW HITPOINT WARNING * * *
The 17-headed hydra bites you but does no damage. x2
Your river rat bites the 17-headed hydra.
Your river rat returns to the shadows of the Dungeon!
The 17-headed hydra bites you!
* * * LOW HITPOINT WARNING * * *
The 17-headed hydra bites you.
* * * LOW HITPOINT WARNING * * *
The 17-headed hydra barely misses you.
The 17-headed hydra bites you but does no damage. x14
The 17-headed hydra bites you but does no damage. x4
The 17-headed hydra bites you! The Shining One protects you from harm!
The 17-headed hydra bites you but does no damage. x12
The 17-headed hydra bites you but does no damage. x2
The 17-headed hydra completely misses you.
The 17-headed hydra bites you!
* * * LOW HITPOINT WARNING * * *
The 17-headed hydra bites you but does no damage. x2
The 17-headed hydra bites you.
* * * LOW HITPOINT WARNING * * *
The 17-headed hydra bites you but does no damage. x5
The 17-headed hydra bites you!
You die...

....... .......
.....~. #..
....~~~ ##..#
~..~~~~ ##....
~~~~~~~ #.....
##†~~≈≈~~ #....#
#@).≈≈~.)
#...###D†.~≈~~.
#....#....~≈≈≈~
#....#...~~~~≈
##..##..P~..~~~
#....###.......
##P...#####.....
#.
#P..............
...
##..............
...


You could see a 17-headed hydra.

Vanquished Creatures
  A stone giant (Volcano)
  The ghost of Mercurial the Cleaver, a journeyman MiFi of the Shining One (D:10)
  A boulder beetle (Lair:4)
  6 hydras
  Fannar (Orc:1)
  Harold (D:9)
  An ogre mage (Orc:2)
  A catoblepas (Lair:5)
  10 two-headed ogres
  Erica (D:8)
  21 death yaks
  A tengu warrior (D:10)
  8 orc high priests (Orc:2)
  Amaemon (D:9)
  A lindwurm (Lair:4)
  2 orc knights (Orc:1)
  An orc sorcerer (Orc:2)
  An oklob plant (D:9)
  A moth of wrath (D:10)
  6 black mambas
  27 elephants
  16 cane toads
  A merfolk siren (Lair:3)
  A gargoyle (D:11)
  2 torpor snails (Lair:4)
  An orange demon (D:9)
  Maggie (D:8)
  A kobold demonologist (D:11)
  A rime drake (Lair:4)
  7 komodo dragons
  An efreet (Volcano)
  3 trolls
  5 hornets (Lair:5)
  7 polar bears
  33 blink frogs
  Prince Ribbit (D:8)
  10 dream sheep
  4 jumping spiders (Lair:2)
  9 spriggans (Lair:5)
  A wraith (D:11)
  A wyvern (Lair:5)
  2 shadows (D:11)
  5 steam dragons
  43 yaks
  5 fire elementals (Volcano)
  3 basilisks
  6 wargs
  17 water moccasins
  20 orc warriors
  An acid dragon (D:11)
  3 ice beasts
  5 black bears
  A sky beast (D:5)
  30 wolves
  5 boggarts (Lair:5)
  9 ogres
  A centaur (D:6)
  A phantom (D:7)
  13 bullfrogs
  10 kobold brigands
  2 gnoll sergeants (D:8)
  A necrophage (D:5)
  6 scorpions
  5 wights
  An electric eel (Lair:2)
  2 howler monkeys
  3 hounds
  A gnoll bouda (D:10)
  39 orc priests
  5 jellies
  3 iguanas
  15 orc wizards
  6 hell rats (Lair:1)
  13 gnolls
  8 adders
  A white imp (D:8)
  2 dart slugs
  3 worms
  74 orcs
  4 bats
  19 endoplasms
  4 giant cockroaches
  7 goblins
  4 hobgoblins
  10 jackals
  4 quokkas
  6 ball pythons
  5 frilled lizards
  A goblin skeleton (D:3)
  30 kobolds
  2 rats
  2 butterflies (Lair:5)
668 creatures vanquished.

Vanquished Creatures (collateral kills)
  A death yak (Lair:4)
  An elephant (Lair:5)
  2 blink frogs (Lair:4)
  A spriggan (Lair:5)
  A water moccasin (Lair:2)
  An orc priest (Orc:2)
  4 orcs
11 creatures vanquished.

Vanquished Creatures (others)
  2 kobolds (D:6)
  37 fungi
  35 plants
74 creatures vanquished.

Grand Total: 753 creatures vanquished

Notes
Turn   | Place    | Note
-------+----------+-------------------------------------------
     0 | D:1      | Mercurial the Minotaur Fighter began the quest for the Orb.
     0 | D:1      | Reached XP level 1. HP: 19/19 MP: 0/0
   264 | D:1      | Reached XP level 2. HP: 27/27 MP: 1/1
   723 | D:1      | Reached skill level 4 in Fighting
   847 | D:2      | Found a faded altar of an unknown god.
   891 | D:2      | Reached XP level 3. HP: 33/33 MP: 2/2
   944 | D:2      | Found Beimn's Assorted Antiques.
  1391 | D:3      | Reached XP level 4. HP: 40/40 MP: 3/3
  1399 | D:3      | Identified the ring of Pobrusue {AC+4 Int+4 Dex+2}
  1412 | D:3      | Found a runed translucent door.
  1412 | D:3      | Noticed a human
  1531 | D:3      | Reached XP level 5. HP: 42/47 MP: 4/4
  1710 | D:3      | Found a basalt altar of Yredelemnul.
  1982 | D:4      | Found a staircase to the Ecumenical Temple.
  1994 | D:4      | Reached skill level 5 in Fighting
  1994 | D:4      | Reached skill level 5 in Armour
  1994 | D:4      | Reached skill level 5 in Shields
  2003 | Temple   | Entered the Ecumenical Temple
  2086 | Temple   | Became a worshipper of the Shining One
  2125 | D:4      | Reached XP level 6. HP: 37/56 MP: 5/5
  2262 | D:4      | Found an ornate altar of the Wu Jian Council.
  2861 | D:5      | Entered Level 5 of the Dungeon
  2884 | D:5      | Noticed an ice beast
  2893 | D:5      | Killed an ice beast
  2963 | D:5      | Noticed a sky beast
  2964 | D:5      | Found an iron altar of Okawaru.
  2973 | D:5      | Killed a sky beast
  3003 | D:5      | Reached skill level 5 in Axes
  3009 | D:5      | Reached XP level 7. HP: 60/62 MP: 6/6
  3083 | D:5      | Reached skill level 6 in Fighting
  3441 | D:6      | Noticed a steam dragon
  3451 | D:5      | Killed a steam dragon
  3476 | D:5      | Reached XP level 8. HP: 19/71 MP: 7/7
  3595 | D:5      | Reached skill level 7 in Fighting
  4196 | D:7      | Reached XP level 9. HP: 75/81 MP: 8/8
  4224 | D:7      | Found a shimmering blue altar of Sif Muna.
  4269 | D:7      | Reached * piety under the Shining One
  4276 | D:7      | Reached skill level 8 in Fighting
  4363 | D:7      | Found a bloodstained altar of Trog.
  4980 | D:8      | Noticed a two-headed ogre
  4987 | D:8      | Killed a two-headed ogre
  4988 | D:8      | Reached skill level 9 in Fighting
  5090 | D:8      | Noticed Erica
  5097 | D:8      | Killed Erica
  5098 | D:8      | Reached XP level 10. HP: 91/91 MP: 9/9
  5193 | D:8      | Noticed a two-headed ogre
  5200 | D:8      | Killed a two-headed ogre
  5370 | D:8      | Found a blossoming altar of Fedhas.
  5370 | D:8      | Reached ** piety under the Shining One
  5409 | D:8      | Noticed Prince Ribbit
  5421 | D:8      | Killed Prince Ribbit
  5637 | D:8      | Noticed Maggie
  5645 | D:8      | Killed Maggie
  5646 | D:8      | Reached skill level 10 in Fighting
  5646 | D:8      | Reached skill level 10 in Armour
  5646 | D:8      | Reached skill level 10 in Shields
  5844 | D:9      | Identified the +7 long sword "Newt's Peril" {vamp, rElec
                  | Will+ Str-5 Dex+4}
  5889 | D:9      | Found the +2 ratskin cloak {*Rats rPois rN+ Str-1 Int-1
                  | Dex+1}
  5889 | D:9      | Noticed an oklob plant
  5948 | D:9      | Killed an oklob plant
  5949 | D:9      | Reached skill level 10 in Axes
  6038 | D:9      | Noticed a two-headed ogre
  6043 | D:9      | Killed a two-headed ogre
  6118 | D:9      | Identified the ring of Propriety {Fly Will+}
  6247 | D:9      | Noticed Harold
  6257 | D:9      | Killed Harold
  6258 | D:9      | Reached XP level 11. HP: 95/101 MP: 10/10
  6314 | D:9      | Noticed Amaemon
  6339 | D:9      | Killed Amaemon
  6340 | D:9      | Reached skill level 11 in Fighting
  6481 | D:9      | Found an ancient bone altar of Kikubaaqudgha.
  6616 | D:9      | Found Xeellar's Book Emporium.
  6996 | D:10     | Entered Level 10 of the Dungeon
  6998 | D:10     | Found a staircase to the Lair.
  7039 | D:10     | Noticed Mercurial's ghost (journeyman MiFi)
  7041 | D:10     | Noticed a tengu warrior
  7056 | D:10     | Found a bloodstained altar of Trog.
  7059 | D:10     | Found a transporter.
  7062 | D:10     | Found a transporter.
  7270 | D:10     | Found a shimmering altar of Xom.
  7484 | D:10     | Noticed a two-headed ogre
  7488 | D:10     | Killed a two-headed ogre
  7833 | D:10     | Killed Mercurial's ghost
  7869 | D:10     | Killed a tengu warrior
  8074 | D:11     | Reached *** piety under the Shining One
  8081 | D:11     | Reached skill level 12 in Fighting
  8183 | D:11     | Noticed a two-headed ogre
  8189 | D:11     | Killed a two-headed ogre
  8563 | D:11     | Noticed a two-headed ogre
  8569 | D:11     | Killed a two-headed ogre
  8644 | D:11     | Noticed a two-headed ogre
  8648 | D:11     | Killed a two-headed ogre
  8649 | D:11     | Reached XP level 12. HP: 100/113 MP: 11/11
  9162 | D:12     | Found a staircase to the Orcish Mines.
  9182 | Orc:1    | Entered Level 1 of the Orcish Mines
  9410 | Orc:2    | Entered Level 2 of the Orcish Mines
  9442 | Orc:2    | Noticed an ogre mage
  9443 | Orc:2    | Paralysed by an ogre mage for 3 turns
  9447 | Orc:2    | Noticed a two-headed ogre
  9449 | Orc:2    | Noticed a two-headed ogre
  9449 | Orc:2    | Noticed a two-headed ogre
  9461 | Orc:1    | Killed a two-headed ogre
  9462 | Orc:1    | Killed a two-headed ogre
  9472 | Orc:2    | Killed a two-headed ogre
  9472 | Orc:2    | Noticed an orc high priest
  9473 | Orc:2    | Reached skill level 13 in Fighting
  9476 | Orc:2    | Killed an ogre mage
  9497 | Orc:2    | Killed an orc high priest
  9605 | Orc:2    | Found a staircase to the Elven Halls.
  9689 | Orc:2    | Reached **** piety under the Shining One
  9689 | Orc:2    | Noticed an orc high priest
  9697 | Orc:2    | Noticed an orc high priest
  9719 | Orc:2    | Noticed an orc high priest
  9720 | Orc:2    | Noticed an orc high priest
  9725 | Orc:2    | Killed an orc high priest
 10031 | Orc:2    | Noticed an orc high priest
 10039 | Orc:2    | Killed an orc high priest
 10141 | Orc:2    | Killed an orc high priest
 10141 | Orc:2    | Reached ***** piety under the Shining One
 10146 | Orc:2    | Killed an orc high priest
 10167 | Orc:2    | Noticed an orc high priest
 10168 | Orc:2    | Found Buvunocy's Magic Scroll Shop.
 10168 | Orc:2    | Found Junih's General Store.
 10168 | Orc:2    | Noticed an orc high priest
 10173 | Orc:2    | Killed an orc high priest
 10176 | Orc:2    | Killed an orc high priest
 10177 | Orc:2    | Reached XP level 13. HP: 122/123 MP: 12/12
 10305 | Orc:2    | Found Enkef's Antique Weapon Shop.
 10305 | Orc:2    | Found Xas Ryam's Distillery.
 10484 | Orc:2    | Bought a scroll of enchant weapon for 105 gold pieces
 10496 | Orc:2    | Identified a scroll of acquirement
 10497 | Orc:2    | Acquired a manual of Fighting
 10544 | Orc:1    | Noticed Fannar
 10569 | Orc:1    | Found Meduhest's Antique Armour Emporium.
 10573 | Orc:1    | Killed Fannar
 10577 | Orc:1    | Reached skill level 14 in Fighting
 10744 | Orc:1    | Bought a runed scarf for 224 gold pieces
 10990 | Elf:1    | Entered Level 1 of the Elven Halls
 11213 | Lair:1   | Entered Level 1 of the Lair of Beasts
 12194 | Lair:2   | Reached skill level 15 in Fighting
 12433 | Lair:2   | Found a dark tunnel.
 12465 | Volcano  | Entered a volcano
 12572 | Volcano  | Noticed a stone giant
 12585 | Volcano  | Killed a stone giant
 13002 | Lair:2   | Found a hole to the Spider Nest.
 13435 | Lair:3   | Reached skill level 16 in Fighting
 13497 | Lair:3   | Reached skill level 15 in Shields
 13526 | Lair:3   | Reached ****** piety under the Shining One
 13535 | Lair:3   | Reached skill level 15 in Armour
 13545 | Lair:3   | Reached XP level 14. HP: 129/138 MP: 13/13
 13630 | Lair:3   | Found a staircase to the Shoals.
 14069 | Lair:4   | Upgraded the game from 0.29.1-4-g47bece8355 to
                  | 0.29.1-12-g30fa7ad0bf
 14109 | Lair:4   | Reached skill level 15 in Axes
 14168 | Lair:4   | Reached skill level 17 in Fighting
 14189 | Lair:4   | Identified the +6 rapier "Lusai" {vorpal, rC+}
 14493 | Lair:4   | Reached skill level 18 in Fighting
 15041 | Lair:5   | Entered Level 5 of the Lair of Beasts
 15131 | Lair:5   | Reached skill level 19 in Fighting
 15268 | Lair:5   | Reached XP level 15. HP: 152/152 MP: 14/14
 15503 | Lair:5   | Found a runed translucent door.
 15517 | Lair:5   | Found a viscous altar of Jiyva.
 15517 | Lair:5   | Found a staircase to the Slime Pits.
 15517 | Lair:5   | Noticed an acid blob
 15517 | Lair:5   | Noticed an acid blob
 15557 | Lair:5   | Reached skill level 20 in Fighting
 15655 | Lair:5   | Found a blossoming altar of Fedhas.
 16062 | Lair:5   | HP: 7/157 [17-headed hydra (3)]
 16063 | Lair:5   | The Shining One protects you from harm!
 16064 | Lair:5   | HP: 2/157 [17-headed hydra (4)]
 16064 | Lair:5   | Slain by a 17-headed hydra

Illustrated notes

Levels and vault maps discovered:
D:1:      nzn_arrival_crosshair, layout_basic, minmay_misc_feat_plants
D:2:      layout_rooms, hellmonk_ecumenical_altar_blasted, serial_shops, shop
D:3:      layout_rooms, dk_yredelemnul_ordeal, serial_bayou_ford_a,
          hangedman_decor_push, serial_bayou_pond_e, dreamdust_wishing_well,
          minmay_distorted
D:4:      cheibrodos_old_hovel, layout_basic, nicolae_overflow_crystal_walls,
          minmay_temple_entry_crystal_x, chequers_serial_rivers_small_b,
          minivault_5
D:5:      layout_rooms, mainiacjoe_overflow_small_starburst,
          nicolae_figureground_sparkle
D:6:      layout_cave_pools
D:7:      layout_basic, nicolae_sif_muna_condensation, general_overflow_altar,
          david_defended_altar_orc
D:8:      layout_basic, lemuel_round_altar, grunt_ministairs_3, uniq_erica,
          uniq_prince_ribbit1, uniq_maggie
D:9:      lemuel_slime, layout_loops_ring, nicolae_kikubaaqudgha_miasma_corner,
          serial_rivers, chequers_serial_rivers_small_3,
          chequers_serial_rivers_small_3, chequers_serial_rivers_large_b,
          chequers_serial_rivers_micro_c, serial_shops, shop,
          nicolae_benzene_ring, minivault_24, kennysheep_generic_room_6,
          uniq_amaemon, uniq_harold
D:10:     layout_basic, old_standard_altar, lair_entry_dummy,
          gammafunk_ghost_wrathful_warriors
D:11:     layout_layer_cave
D:12:     layout_big_octagon, orc_0_dummy, hangedman_abyss_or_decor_stabs,
          hangedman_abyss_or_decor_passed, columned_hall_lemuel,
          fedhas_ov_isle_minmay
Temple:   nicolae_temple_great_sept
Lair:1:   layout_layer_cave, grunt_megastairs_3, serial_bayou_shore_b
Lair:2:   layout_gridlike, spider_nest_entry_funnel_web,
          nicolae_volcano_entry_two_sided, serial_bayou_shore_a
Lair:3:   layout_hall_layers, minmay_shoals_entry_lonely_mermaid
Lair:4:   nzn_winding_woodlands_cross [nzn_winding_woodlands_5x15_pool,
          nzn_winding_woodlands_5x15_longhouse,
          nzn_winding_woodlands_5x15_concentric,
          nzn_winding_woodlands_5x15_crooked,
          nzn_winding_woodlands_15x15_killbox], layout_loops_ring,
          gauntlet_entry_generic
Lair:5:   minmay_lair_end_enchanted_forest, layout_regular_city, slime_entry_2,
          basic_altar, infiniplex_staircase_pool_2, grunt_megastairs_5,
          lemuel_fruit_fields, lemuel_fruit_tree
Orc:1:    nicolae_orc_accident_1, layout_caves, serial_shops,
          nicolae_diamond_shop, uniq_fannar
Orc:2:    st_orc_town, layout_caves, hellmonk_bongcloud_opening,
          hangedman_feature_mirror
Elf:1:    elf_arrival_002, layout_onion_city, minmay_elf_necromancy

Skill      XL: |  1  2  3  4  5  6  7  8  9 10 11 12 13 14 15 |
---------------+----------------------------------------------+-----
Fighting       | 4 5 6 7 9 10 12 13 16 19 20 | 20.6
Armour         | 4 5 6 8 9 10 12 13 15 16 17 | 17.7
Shields        | 4 5 6 8 9 10 12 13 15 | 15.0
Axes           | 3 4 5 6 7 9 10 12 13 14 16 17 | 17.6

Action                   |  1- 3 |  4- 6 |  7- 9 | 10-12 | 13-15 || total
-------------------------+-------+-------+-------+-------+-------++-------
Melee: War axe           |    96 |   107 |       |       |       ||   203
       Headbutt          |    10 |    20 |    45 |   134 |   199 ||   408
       Hand axe          |       |    18 |   172 |   281 |       ||   471
       Broad axe         |       |       |       |   238 |   759 ||   997
  Use: Scroll            |       |       |       |     4 |    14 ||    18
Armor: Scale mail        |    46 |    70 |    46 |       |       ||   162
       Plate armour      |       |       |    46 |   247 |   936 ||  1229
Dodge: Dodged            |    48 |    56 |    59 |    93 |   271 ||   527
Block: Buckler           |    31 |    26 |    30 |       |       ||    87
       Kite shield       |       |       |    23 |   253 |   630 ||   906
